 Dungeon Crawl Stone Soup version 0.20-a0-266-gdedccd6 (webtiles) character file.

72 FitzyFitz the Skirmisher (level 4, 0/39 HPs)
             Began as a Formicid Abyssal Knight on Dec 6, 2016.
             Was a Follower of Lugonu.
             Slain by an iguana (12 damage)
             ... on level 1 of the Dungeon.
             The game lasted 00:06:03 (1778 turns).

FitzyFitz the Skirmisher (Formicid Abyssal Knight)  Turns: 1778, Time: 00:06:04

Health: 0/39       AC:  4    Str: 18    XL:     4   Next: 48%
Magic:  5/5        EV: 11    Int: 13    God:    Lugonu [*.....]
Gold:   30         SH:  0    Dex: 10    Spells: 3/3 levels left

rFire  . . .     SeeInvis +     a - +1 hand axe
rCold  . . .     Gourm    .     b - +0 leather armour
rNeg   . . .     Faith    .     (no shield)
rPois  .         Spirit   .     (helmet unavailable)
rElec  .         Reflect  .     k - +0 cloak
rCorr  .         Harm     .     (no gloves)
MR     +....                    (no boots)
Stlth  +.........               (no amulet)
                                q - ring of protection from magic
                                e - +2 ring of strength

@: no status effects
A: permanent stasis, dig shafts and tunnels, four strong arms, antennae 3
a: Dig, Shaft Self, Depart the Abyss, Renounce Religion


You were on level 1 of the Dungeon.
You worshipped Lugonu.
Lugonu was aware of your devotion.
You were not hungry.

You visited 1 branch of the dungeon, and saw 2 of its levels.
You visited the Abyss 1 time.

You collected 30 gold pieces.

Inventory:

Hand Weapons
 a - a +1 hand axe (weapon)
Missiles
 j - 9 stones (quivered)
Armour
 b - a +0 leather armour (worn)
 k - a +0 cloak (worn)
Jewellery
 e - a +2 ring of strength (left hand)
 p - an uncursed ring of ice
 q - a ring of protection from magic (right hand)
Scrolls
 f - a scroll of noise {unknown}
 g - 3 scrolls of identify {unknown}
 i - a scroll of enchant armour {unknown}
Potions
 h - a potion of heal wounds {unknown}
 l - a potion of curing {unknown}
 o - a potion of flight {unknown}
Comestibles
 c - a bread ration
 d - 7 fruits
 m - 2 chunks of flesh
 n - a slice of pizza


   Skills:
 + Level 5.4 Fighting
 - Level 2.0 Axes
 - Level 2.1 Armour
 - Level 0.8 Dodging
 - Level 2.1 Invocations


You had 3 spell levels left.
You didn't know any spells.

Dungeon Overview and Level Annotations

Branches:
Dungeon (2/15)

Altars:

Annotations:
D:2 Natasha, Terence


Innate Abilities, Weirdness & Mutations

You cannot be hasted, slowed, berserked, paralysed or teleported.
You can dig through walls and to a lower floor.
Your four strong arms can wield two-handed weapons with a shield.
You have a pair of large antennae on your head. (SInv)


Message History

You climb upwards.
The iguana hisses angrily.
There is a stone staircase leading down here.
You slash the gnoll!
The gnoll is heavily wounded.
The gnoll hits you.
You barely miss the gnoll.
The gnoll is heavily wounded.
The gnoll hits you.
You hit the gnoll.
The gnoll is severely wounded.
The gnoll hits you.
You hit the gnoll.
You kill the gnoll!
Lugonu accepts your kill.
You closely miss the iguana. The iguana bites you.
You slash the iguana!
The iguana is heavily wounded.
The iguana barely misses you. The iguana bites you!
You die...

##.....## #.......#
#.......# #.......# ###
##.....## #.## ##......###
#...
###########....)....####.##
#..........................
#........l@.........####.##
#..........#...............
#...............#.........)
#..........###.............
########....#####.........#
####...# #.........#
###.#######...###
#>..)...###.###
#######.###....


You could see an iguana.

Vanquished Creatures
  A gnoll (D:1)
  2 adders (D:2)
  2 dart slugs (D:1)
  2 leopard geckos (D:1)
  A ball python (D:2)
  5 bats
  3 giant cockroaches
  5 goblins
  2 hobgoblins (D:1)
  6 kobolds
  A quokka (D:1)
  8 rats
38 creatures vanquished.

Notes
Turn   | Place    | Note
-------+----------+-------------------------------------------
     0 | Abyss:1  | FitzyFitz the Formicid Abyssal Knight began the quest for the Orb.
     0 | Abyss:1  | Reached XP level 1. HP: 18/18 MP: 2/2
    53 | Abyss:1  | Noticed a large abomination
    55 | Abyss:1  | Noticed a large abomination
    77 | Abyss:1  | Noticed a quasit
    92 | D:1      | Escaped the Abyss
   261 | D:1      | Reached XP level 2. HP: 23/25 MP: 3/3
   297 | D:1      | Reached skill level 4 in Fighting
   335 | D:1      | Reached * piety under Lugonu
   367 | D:1      | Reached XP level 3. HP: 18/31 MP: 4/4
  1033 | D:2      | Noticed Terence
  1183 | D:2      | Reached skill level 5 in Fighting
  1269 | D:2      | Noticed Natasha
  1526 | D:2      | Reached XP level 4. HP: 38/39 MP: 5/5
  1605 | D:2      | Found a faded altar of an unknown god.
  1778 | D:1      | Slain by an iguana

Vault maps used:
D:1:      scummos_arrival_forest, minmay_misc_feat_iff
D:2:      chequers_ecumenical_altar_island, first_bread, uniq_terence,
          uniq_natasha

Skill      XL: |  1  2  3 |
---------------+----------+-----
Fighting       | 4 5 |  5.4
Axes           | |  2.0
Armour         | |  2.1
Dodging        | |  0.8
Invocations    | |  2.1

Action                   |  1- 3 |  4- 6 || total
-------------------------+-------+-------++-------
Melee: Hand axe          |   124 |    14 ||   138
Throw: Stone             |     2 |       ||     2
Invok: Depart the Abyss  |     1 |       ||     1
 Abil: Dig               |       |     1 ||     1
  Eat: Meat ration       |     1 |       ||     1
       Chunk             |     1 |       ||     1
Armor: Leather armour    |    39 |     5 ||    44
Dodge: Dodged            |    96 |    11 ||   107
